 Dungeon Crawl Stone Soup version 0.24-a0-201-gf205589 (webtiles) character file.

Game seed: 9858384992273617704

3074 Borgoz the Ducker (level 9, 0/74 HPs)
             Began as a Ghoul Gladiator on Mar 23, 2019.
             Was an Initiate of Ashenzari.
             Slain by a hog (4 damage)
             ... on level 8 of the Dungeon.
             The game lasted 00:14:11 (5919 turns).

Borgoz the Ducker (Ghoul Gladiator)                 Turns: 5919, Time: 00:14:12

Health: 0/74       AC: 10    Str: 18      XL:     9   Next: 88%
Magic:  12/12      EV: 13    Int:  3 (4)  God:    Ashenzari [......]
Gold:   459        SH:  0    Dex: 12      Spells: 14/14 levels left

rFire    . . .     SeeInvis .   b - +1 short sword (venom)
rCold    + . .     Gourm    .   (no shield)
rNeg     + + +     Faith    .   m - +0 ring mail
rPois    ∞         Spirit   .   c - +0 helmet
rElec    .         Reflect  .   p - +0 cloak
rCorr    .         Harm     .   n - +1 pair of gloves
MR       .....                  (no boots)
Stlth    ++........             (no amulet)
HPRegen  0.00/turn              (no ring)
MPRegen  0.13/turn              (no ring)

@: rotting
A: rotting body, claws 1, carnivore, cold resistance 1, negative energy
resistance 3, inhibited regeneration, torment resistance, unbreathing
a: Curse Item, Renounce Religion


You were on level 8 of the Dungeon.
You worshipped Ashenzari.
Ashenzari was noncommittal.
You were not hungry.

You visited 2 branches of the dungeon, and saw 9 of its levels.

You collected 459 gold pieces.

Inventory:

Hand Weapons
 a - the +7 rapier "Wunn" {flame, Str-2 Int+2 Dex+3}
   (You found it on level 5 of the Dungeon)

   It has been specially enchanted to burn those struck by it, causing extra
   injury to most foes and up to half again as much damage against particularly
   susceptible opponents.
   It affects your strength (-2).
   It affects your intelligence (+2).
   It affects your dexterity (+3).
 b - a +1 short sword of venom (weapon)
 q - a +2 rapier
Missiles
 d - 3 throwing nets (quivered)
 k - 43 poisoned needles
 t - a javelin
Armour
 c - a +0 helmet (worn)
 g - a +2 plate armour of fire resistance
 m - a +0 ring mail (worn)
 n - a +1 pair of gloves (worn)
 p - a +0 cloak (worn)
Wands
 A - a wand of digging (5)
 B - a wand of clouds (7)
 C - a wand of flame (13)
 F - a wand of iceblast (6)
 H - a wand of paralysis (10)
Scrolls
 e - 2 scrolls of teleportation
 i - a scroll of fear {unknown}
 l - 2 scrolls of vulnerability {unknown}
 r - a scroll of fog
 s - a scroll of enchant armour
 u - a scroll of amnesia {unknown}
 y - a scroll of magic mapping {unknown}
 E - 3 scrolls of blinking {unknown}
Potions
 h - 3 potions of haste
 j - 3 potions of might
 o - a potion of curing
 w - 2 potions of brilliance
 G - 2 potions of flight {unknown}
Comestibles
 f - 13 rations
 z - 7 chunks of flesh


   Skills:
 + Level 5.0 Fighting
 * Level 5.9 Short Blades
 + Level 4.1 Throwing
 * Level 5.3 Armour
 * Level 6.0 Dodging
 + Level 4.6 Stealth
 + Level 3.0 Spellcasting
 + Level 2.2 Evocations


You had 14 spell levels left.
You didn't know any spells.
Your spell library contained the following spells:

 Spells                   Type           Power        Failure   Level  Hunger
 Sticks to Snakes         Tmut           #.......     75%         2    ###....
 Ignite Poison            Fire/Tmut/Pois #.......     92%         3    ####...
 Fireball                 Conj/Fire      #.........   100%        5    ######.
 Bolt of Fire             Conj/Fire      #.........   100%        6    #######
 Ring of Flames           Chrm/Fire      #.........   100%        7    #######
 Ignition                 Fire           #.........   100%        8    #######
 Beastly Appendage        Tmut           Unusable     N/A         1    N/A
 Spider Form              Tmut/Pois      Unusable     N/A         3    N/A
 Ice Form                 Ice/Tmut       Unusable     N/A         4    N/A
 Blade Hands              Tmut           Unusable     N/A         5    N/A

Dungeon Overview and Level Annotations

Branches:
Dungeon (8/15)             Temple (1/1) D:5
   Lair: D:8-11

Altars:
Ashenzari
Cheibriados
Dithmenos
Elyvilon
Fedhas
Gozag
Hepliaklqana
Kikubaaqudgha
Makhleb
Nemelex Xobeh
Okawaru
Qazlal
Ru
Sif Muna
Trog
Uskayaw
Vehumet
Wu Jian
Xom
Yredelemnul
Zin
The Shining One

Shops:
D:6 =   D:8 *


Innate Abilities, Weirdness & Mutations

Your body is rotting away.
You thrive on raw meat.
You are immune to poison.
You have sharp fingernails.
You are carnivorous and can eat meat at any time.
Your flesh is cold resistant. (rC+)
You are immune to negative energy. (rN+++)
You do not regenerate when monsters are visible.
You are immune to unholy pain and torment.
You can survive without breathing.


Message History

The hog bites you but does no damage.
You kill the human!
Your Dodging skill increases to level 6!
The hog bites you. The hog barely misses you. The hog closely misses you.
The hog closely misses you.
The hog looks more healthy.
You hit the hog.
The hog is poisoned.
The hog is moderately wounded.
The hog bites you! The hog misses you. The hog bites you!
* * * LOW HITPOINT WARNING * * *
You hit the hog but do no damage.
The hog is moderately wounded.
The hog bites you.
* * * LOW HITPOINT WARNING * * *
The hog closely misses you. The hog bites you but does no damage.
The hog bites you!
* * * LOW HITPOINT WARNING * * *
The hog closely misses you. The hog bites you.
You die...

#...# #........###
##.# #.. #...#
#........# #<## ###
#...# #........#
#..# # #...#
#........# ##.# #
#...# #........#
#.## # #####
#........#### #..#
# #...........#
####.#####
##..........#
#........#
#.....@h...#
#......).#
#....hhh...#
#...))...#
######..........#
#..∩.....#
................#
#....)....
................#
#..!......
................#
#.........
...............#
#.........
#######...).......#
####....#.
#%%#..##..).......#
#....#.


You could see 4 hogs.

Vanquished Creatures
  A two-headed ogre (D:8)
  A troll (D:8)
  A human (D:8)
  2 orc warriors
  An ice beast (D:5)
  A black bear (D:5)
  3 ogres
  A centaur (D:5)
  A big kobold (D:8)
  A bullfrog (D:7)
  A gnoll sergeant (D:5)
  A wyvern skeleton (D:8)
  2 scorpions (D:6)
  4 howler monkeys
  2 jellies
  2 orc priests
  A hound (D:6)
  5 orc wizards
  A bullfrog skeleton (D:8)
  Crazy Yiuf (D:6)
  Jessica (D:3)
  4 iguanas
  5 worker ants
  A hound zombie (D:7)
  A worker ant zombie (D:5)
  8 gnolls
  7 adders
  A shadow imp (D:8)
  An adder skeleton (D:7)
  3 worms
  4 dart slugs
  3 leopard geckos
  26 orcs
  4 giant cockroaches
  6 goblins
  7 hobgoblins
  5 jackals (D:2)
  6 kobolds
  3 quokkas
  7 bats
  3 frilled lizards
  8 rats
147 creatures vanquished.

Notes
Turn   | Place    | Note
-------+----------+-------------------------------------------
     0 | D:1      | Borgoz the Ghoul Gladiator began the quest for the Orb.
     0 | D:1      | Reached XP level 1. HP: 17/17 MP: 0/0
   189 | D:1      | Reached XP level 2. HP: 23/24 MP: 1/1
   421 | D:1      | Reached skill level 1 in Stealth
   427 | D:1      | Reached XP level 3. HP: 30/30 MP: 2/2
   869 | D:2      | Reached skill level 1 in Armour
  1060 | D:3      | Reached skill level 3 in Dodging
  1060 | D:3      | Reached XP level 4. HP: 35/37 MP: 3/3
  1505 | D:3      | Noticed Jessica
  1513 | D:3      | Killed Jessica
  1513 | D:3      | Reached XP level 5. HP: 40/42 MP: 3/5
  1923 | D:4      | Noticed an ogre
  1932 | D:4      | Killed an ogre
  1932 | D:4      | Reached skill level 1 in Spellcasting
  1932 | D:4      | Reached XP level 6. HP: 50/51 MP: 6/6
  2172 | D:4      | You fall through a shaft for 2 floors!
  2175 | D:6      | Found an iron altar of Okawaru.
  2261 | D:6      | Found a runed translucent door.
  2262 | D:6      | Noticed Crazy Yiuf
  2368 | D:5      | Entered Level 5 of the Dungeon
  2368 | D:5      | Noticed a black bear
  2370 | D:5      | Noticed an ice beast
  2377 | D:5      | Killed a black bear
  2377 | D:5      | Reached XP level 7. HP: 45/57 MP: 6/8
  2401 | D:5      | Reached skill level 4 in Dodging
  2774 | D:5      | Found a staircase to the Ecumenical Temple.
  3179 | Temple   | Entered the Ecumenical Temple
  3187 | Temple   | Became a worshipper of Ashenzari the Shackled
  3375 | D:5      | Got the rapier "Wunn" {flame, Str-2 Int+2 Dex+3}
  3376 | D:5      | Identified the +7 rapier "Wunn" {flame, Str-2 Int+2 Dex+3}
                  | (You found it on level 5 of the Dungeon)
  3484 | D:5      | Found a shimmering altar of Xom.
  3511 | D:5      | Reached XP level 8. HP: 37/66 MP: 9/9
  3740 | D:5      | Found an ornate altar of the Wu Jian Council.
  4282 | D:6      | Found Zaaz's Jewellery Emporium.
  4511 | D:6      | Killed Crazy Yiuf
  4656 | D:7      | Found a stormy altar of Qazlal.
  5048 | D:8      | Noticed a two-headed ogre
  5056 | D:8      | Killed a two-headed ogre
  5056 | D:8      | Reached skill level 5 in Short Blades
  5056 | D:8      | Reached skill level 5 in Dodging
  5056 | D:8      | Reached skill level 1 in Evocations
  5056 | D:8      | Reached XP level 9. HP: 58/72 MP: 11/11
  5180 | D:8      | Noticed a troll
  5190 | D:8      | Killed a troll
  5219 | D:8      | Found Mefenl Moerch's General Store.
  5293 | D:8      | Reached skill level 5 in Armour
  5458 | D:8      | Identified the +4 trident of Enkeluw {elec, rN+ MR+ Str-5
                  | Dex+2}
  5851 | D:8      | Reached skill level 5 in Fighting
  5914 | D:8      | Reached skill level 6 in Dodging
  5919 | D:8      | Slain by a hog

Levels and vault maps discovered:
D:1:      dpeg_arrival_chase, layout_loops_ring
D:2:      layout_basic
D:3:      layout_rooms, first_ration, uniq_jessica
D:4:      layout_gridville
D:5:      layout_loops_ring, kennysheep_little_box, minmay_temple_entry_wispy,
          basic_altar
D:6:      layout_basic, minmay_shop_enchanted_jewellery,
          chequers_serial_rivers_room_a, okawaru_metal_pillars_1_2,
          uniq_crazy_yiuf_cottage
D:7:      layout_rooms, grunt_qazlal_clouds
D:8:      layout_basic, serial_shops, shop, grunt_livestock,
          kennysheep_windowed_goal
Temple:   dpeg_three_leaves_temple

Skill      XL: |  1  2  3  4  5  6  7  8  9 |
---------------+----------------------------+-----
Stealth        | 1 2 4 |  4.6
Armour         | 1 2 3 4 5 |  5.3
Throwing       | 2 3 4 |  4.1
Short Blades   | 3 4 5 |  5.9
Dodging        | 3 4 5 6 |  6.0
Fighting       | 3 4 5 |  5.0
Spellcasting   | 1 2 3 |  3.0
Evocations     | 1 2 |  2.2

Action                   |  1- 3 |  4- 6 |  7- 9 || total
-------------------------+-------+-------+-------++-------
Melee: Rapier            |    99 |   161 |   266 ||   526
       Short sword       |       |       |    12 ||    12
Throw: Javelin           |       |     2 |     1 ||     3
       Throwing net      |       |     1 |     1 ||     2
Evoke: Wand              |       |       |     3 ||     3
  Use: Scroll            |     5 |     5 |     4 ||    14
       Potion            |       |       |     4 ||     4
 Stab: Held in net/web   |       |     1 |     1 ||     2
       Sleeping          |       |       |     1 ||     1
  Eat: Chunk             |     5 |    15 |    27 ||    47
Armor: Leather armour    |     9 |       |       ||     9
       Ring mail         |    25 |    47 |    78 ||   150
Dodge: Dodged            |    57 |    74 |   177 ||   308

Table legend:
 A = Non-vault XP
 B = Vault XP
 C = Vault XP percentage of total XP
 D = Non-vault monster count
 E = Vault monster count
 F = Vault count percentage of total count
                 A         B        C        D         E       F
            +---------+---------+-------+---------+---------+-------
      Total |    4129 |     263 |   6.0 |     144 |       3 |   2.0
            +---------+---------+-------+---------+---------+-------
        D:1 |      38 |       0 |   0.0 |      24 |       0 |   0.0
        D:2 |      83 |       0 |   0.0 |      23 |       0 |   0.0
        D:3 |      57 |      37 |  39.4 |      13 |       1 |   7.1
        D:4 |     288 |       0 |   0.0 |       9 |       0 |   0.0
        D:5 |     629 |       0 |   0.0 |      15 |       0 |   0.0
        D:6 |     485 |      37 |   7.1 |      21 |       1 |   4.5
        D:7 |     328 |       0 |   0.0 |      11 |       0 |   0.0
        D:8 |    2221 |     189 |   7.8 |      28 |       1 |   3.4
            +---------+---------+-------+---------+---------+-------
